 Dungeon Crawl Stone Soup version 0.21-a0-584-g185da8e (webtiles) character file.

22 sithsevirus the Shield-Bearer (level 3, -1/29 HPs)
             Began as a Formicid Fighter on Dec 21, 2017.
             Succumbed to a worker ant's poison
             ... on level 2 of the Dungeon.
             The game lasted 00:03:31 (1135 turns).

sithsevirus the Shield-Bearer (Formicid Fighter)    Turns: 1135, Time: 00:03:31

Health: -1/29      AC:  9    Str: 19 (20) XL:     3   Next: 7%
Magic:  3/3        EV: 10    Int:  5 (7)  God:
Gold:   71         SH:  9    Dex: 13 (16) Spells: 2/2 levels left

rFire    . . .     SeeInvis +   a - +0 trident
rCold    . . .     Gourm    .   c - +0 shield
rNeg     . . .     Faith    .   r - +0 chain mail
rPois    .         Spirit   .   (helmet unavailable)
rElec    .         Reflect  .   (no cloak)
rCorr    .         Harm     .   (no gloves)
MR       .....                  (no boots)
Stlth    ..........             (no amulet)
HPRegen  0.09/turn              (no ring)
MPRegen  0.08/turn              (no ring)

@: agile, lethally poisoned (-1 -> -16)
A: permanent stasis, dig shafts and tunnels, four strong arms, antennae 3
a: Dig, Shaft Self


You were on level 2 of the Dungeon.
You were hungry.

You visited 1 branch of the dungeon, and saw 2 of its levels.

You collected 71 gold pieces.

Inventory:

Hand Weapons
 a - a +0 trident (weapon)
 e - a cursed -3 dagger
 g - a +0 hunting sling
Missiles
 i - 54 stones (quivered)
 j - 15 sling bullets
Armour
 c - a +0 shield (worn)
 r - a +0 chain mail (worn)
Scrolls
 h - a scroll of fear {unknown}
 k - 2 scrolls of immolation {unknown}
 l - 2 scrolls of amnesia {unknown}
 m - a scroll of fog {unknown}
 q - a scroll of teleportation {unknown}
Potions
 d - a potion of might
 p - a potion of berserk rage
Comestibles
 f - a ration


   Skills:
 + Level 3.5 Fighting
 + Level 2.2 Polearms
 + Level 3.6 Armour
 + Level 1.0 Stealth
 + Level 3.9 Shields


You had 2 spell levels left.
You didn't know any spells.

Dungeon Overview and Level Annotations

Branches:
Dungeon (2/15)

Altars:


Innate Abilities, Weirdness & Mutations

You cannot be hasted, slowed, berserked, paralysed or teleported.
You can dig through walls and to a lower floor.
Your four strong arms can wield two-handed weapons with a shield.
You have a pair of large antennae on your head. (SInv)


Message History

The worker ant bites you but does no damage. x2
It was a potion of berserk rage.
Your stasis prevents you from going berserk.
* * * LOW HITPOINT WARNING * * *
You feel sick. You block the worker ant's attack.
It was a potion of agility.
You feel agile all of a sudden.
* * * LOW HITPOINT WARNING * * *
You feel sick. You block the worker ant's attack.
It was a potion of degeneration.
There was something very wrong with that liquid.
You feel weakened.
You feel dopey.
You feel clumsy.
* * * LOW HITPOINT WARNING * * *
You feel sick.
The worker ant waves its antennae.
The worker ant misses you.
Okay, then.
You hit the worker ant.
The worker ant is heavily wounded.
You die...

# ###
#.##.##
#..a..#
#@# #.#
#.# #.# #
#.# ##.
#.#
##...##.#
#.....<.+
##...##.#


You could see a worker ant.

Vanquished Creatures
  An ooze (D:1)
  A leopard gecko (D:1)
  2 giant cockroaches (D:1)
  A goblin (D:1)
  3 hobgoblins (D:1)
  3 kobolds (D:1)
  A ball python (D:1)
  2 bats (D:1)
  A rat (D:1)
15 creatures vanquished.

Notes
Turn   | Place    | Note
-------+----------+-------------------------------------------
     0 | D:1      | sithsevirus the Formicid Fighter began the quest for the Orb.
     0 | D:1      | Reached XP level 1. HP: 18/18 MP: 1/1
   264 | D:1      | Reached XP level 2. HP: 24/24 MP: 2/2
   950 | D:1      | Reached skill level 1 in Stealth
   950 | D:1      | Reached XP level 3. HP: 23/29 MP: 3/3
  1134 | D:2      | HP: 1/29 [poisoned by a worker ant]
  1135 | D:2      | Succumbed to a worker ant's poison

Vault maps used:
D:1:      evilmike_arrival_fibonacci_small, minmay_octomino_e4

Skill      XL: |  1  2 |
---------------+-------+-----
Stealth        | 1 |  1.0
Fighting       | |  3.5
Polearms       | |  2.2
Armour         | |  3.6
Shields        | |  3.9

Action                   || total
-------------------------++-------
Melee: Trident           ||    61
  Use: Potion            ||     3
Armor: Scale mail        ||    13
       Chain mail        ||     8
Dodge: Dodged            ||    11
Block: Shield            ||    30

Table legend:
 A = Spawn XP
 B = Non-spawn XP
 C = Spawn XP percentage of total XP
 D = Spawn monster count
 E = Non-spawn monster count
 F = Spawn count percentage of total count
 G = Total turns spent on level
                    A         B        C        D         E        F      G
               +---------+---------+-------+---------+---------+-------+---------
         Total |       0 |      32 |   0.0 |       0 |      15 |   0.0 |  1135
               +---------+---------+-------+---------+---------+-------+---------
           D:1 |       0 |      32 |   0.0 |       0 |      15 |   0.0 |  1089
               +---------+---------+-------+---------+---------+-------+---------
